 Dungeon Crawl Stone Soup version 0.22-a0-447-gee5f7238b3 (webtiles) character file.

1509 Kriby the Spear-Bearer (level 8, -5/56 HPs)
             Began as a Merfolk Skald on June 3, 2018.
             Was a Believer of Hepliaklqana.
             Slain by an orc warrior
             ... wielding a cursed -2 scimitar
              (12 damage)
             ... on level 6 of the Dungeon.
             The game lasted 00:09:50 (6330 turns).

Kriby the Spear-Bearer (Merfolk Skald)              Turns: 6330, Time: 00:09:50

Health: -5/56      AC:  7    Str: 18    XL:     8   Next: 83%
Magic:  8/11       EV: 16    Int: 12    God:    Hepliaklqana [**....]
Gold:   192        SH:  0    Dex: 14    Spells: 5/11 levels left

rFire    . . .     SeeInvis .   a - +0 spear
rCold    . . .     Gourm    .   (no shield)
rNeg     . . .     Faith    .   v - +0 ring mail
rPois    .         Spirit   .   (no helmet)
rElec    .         Reflect  .   l - +0 cloak
rCorr    .         Harm     .   (no gloves)
MR       .....                  k - +0 pair of boots
Stlth    +.........             (no amulet)
HPRegen  0.18/turn              (no ring)
MPRegen  0.12/turn              (no ring)

@: mighty, infused, very slightly contaminated
A: change form in water, swift swim, stealthy swim, reduced essence
a: Recall Ancestor, Ancestor Identity, Renounce Religion


You were on level 6 of the Dungeon.
You worshipped Hepliaklqana.
Hepliaklqana was pleased with you.
You were not hungry.

You visited 1 branch of the dungeon, and saw 6 of its levels.

You collected 192 gold pieces.

Inventory:

Hand Weapons
 a - a +0 spear (weapon)
Armour
 b - a +0 leather armour
 f - a +0 chain mail
 k - a +0 pair of boots (worn)
 l - a +0 cloak (worn)
 v - a +0 ring mail (worn)
Jewellery
 p - an uncursed ring of magical power {unknown}
Scrolls
 e - 2 scrolls of teleportation {@r3}
 g - 4 scrolls of identify {unknown}
 i - a scroll of enchant weapon {unknown}
 r - a scroll of fear {unknown}
 s - a scroll of blinking {unknown}
 t - a scroll of random uselessness {unknown}
Potions
 c - 2 potions of cancellation
 j - 4 potions of heal wounds {unknown}
 m - a potion of haste {unknown}
 n - 2 potions of magic {unknown}
 o - a potion of resistance {unknown}
 u - 2 potions of lignification {unknown}
Comestibles
 d - 7 rations {@e1}
 w - 3 chunks of flesh


   Skills:
 + Level 5.5 Fighting
 * Level 10.0 Polearms
 - Level 0.6 Armour
 * Level 9.2 Dodging
 - Level 2.0 Spellcasting
 - Level 3.2 Charms


You had 5 spell levels left.
You knew the following spells:

 Your Spells              Type           Power        Failure   Level  Hunger
a - Infusion              Chrm           #...         13%         1    ##.....
b - Shroud of Golubria    Chrm/Tloc      #.........   36%         2    ###....
w - Spectral Weapon       Hex/Chrm       #.......     58%         3    ####...

Your spell library contained the following spells:

 Spells                   Type           Power        Failure   Level  Hunger
 Regeneration             Chrm/Necr      #.........   58%         3    ####...
 Song of Slaying          Chrm           #.......     19%         2    ###....


Dungeon Overview and Level Annotations

Branches:
Dungeon (6/15)
 Temple: D:4-7

Altars:
Ashenzari
Dithmenos
Fedhas
Hepliaklqana
Nemelex Xobeh
Ru
Sif Muna
Vehumet
Wu Jian
Xom
Yredelemnul


Message History

You hit the orc warrior.
The orc warrior is heavily wounded.
The orc warrior hits you with a scimitar.
* * * LOW HITPOINT WARNING * * *
You closely miss the orc warrior.
The orc warrior is heavily wounded.
You closely miss the orc warrior.
The orc warrior is heavily wounded.
The orc warrior closely misses you.
You hit the orc warrior but do no damage.
The orc warrior is heavily wounded.
You puncture the orc warrior!
The orc warrior is almost dead.
The orc warrior barely misses you.
You closely miss the orc warrior.
The orc warrior is almost dead.
You closely miss the orc warrior.
The orc warrior is almost dead.
The orc warrior hits you with a scimitar!
You die...

.####..#.#.#
. #..#.#.#
.. #..#.#.#
##.#.#.# #.#
#.# #. #.#
#.##.# ..#@#
#.#o# #.#W#
##...#
#..†.#
..W..#..#
.....#..#
....
#..#######
###
#........#


You could see a phantom and an orc warrior.

Vanquished Creatures
  The ghost of Ethylacetat the Skirmisher, an amateur DsCK of Xom (D:4)
  Duvessa (D:6)
  An ice beast (D:5)
  3 ogres
  2 centaurs
  A scorpion (D:4)
  Dowan (D:6)
  A bullfrog zombie (D:5)
  2 crimson imps (D:5)
  A centaur zombie (D:5)
  A bullfrog skeleton (D:5)
  A centaur skeleton (D:6)
  2 worker ants
  A hound zombie (D:5)
  6 adders
  A shadow imp (D:5)
  A worm (D:2)
  4 dart slugs
  6 leopard geckos
  12 orcs
  4 bats
  3 giant cockroaches
  10 goblins
  6 hobgoblins
  6 jackals
  2 quokkas
  A frilled lizard (D:2)
  A jackal skeleton (D:4)
  8 kobolds (D:1)
  A quokka zombie (D:6)
  5 rats
  A spectral orc (D:4)
97 creatures vanquished.

Vanquished Creatures (collateral kills)
  A centaur zombie (D:5)
  A crimson imp (D:6)
  An orc priest (D:5)
  4 orc wizards
  2 worker ants
  An adder (D:5)
  A leopard gecko (D:4)
  3 orcs
  A jackal (D:6)
  A quokka (D:4)
16 creatures vanquished.

Vanquished Creatures (others)
  2 hexers (D:6)
  4 ancestors
6 creatures vanquished.

Grand Total: 119 creatures vanquished

Notes
Turn   | Place    | Note
-------+----------+-------------------------------------------
     0 | D:1      | Kriby the Merfolk Skald began the quest for the Orb.
     0 | D:1      | Reached XP level 1. HP: 16/16 MP: 3/3
   222 | D:1      | Reached XP level 2. HP: 17/22 MP: 5/5
   807 | D:1      | Reached skill level 4 in Polearms
   823 | D:1      | Reached XP level 3. HP: 28/28 MP: 6/6
  1168 | D:2      | Learned a level 2 spell: Shroud of Golubria
  1172 | D:2      | Learned a level 3 spell: Spectral Weapon
  1407 | D:2      | Reached XP level 4. HP: 34/34 MP: 7/7
  1688 | D:2      | Found a blossoming altar of Fedhas.
  2245 | D:3      | HP: 1/34 [something (2)]
  2263 | D:3      | HP: 1/34 [something (1)]
  2573 | D:3      | Found a deep blue altar of Sif Muna.
  2576 | D:3      | Found a shattered altar of Ashenzari.
  2577 | D:3      | Found a shadowy altar of Dithmenos.
  2577 | D:3      | Found a shimmering altar of Xom.
  2577 | D:3      | Found a sacrificial altar of Ru.
  2578 | D:3      | Found a sparkling altar of Nemelex Xobeh.
  2579 | D:3      | Found a radiant altar of Vehumet.
  2580 | D:3      | Found an ornate altar of the Wu Jian Council.
  2608 | D:3      | Found a hazy altar of Hepliaklqana.
  2614 | D:3      | Reached skill level 5 in Polearms
  2618 | D:3      | Became a worshipper of Hepliaklqana the Forgotten
  2766 | D:3      | Reached XP level 5. HP: 34/36 MP: 8/8
  3216 | D:4      | Reached * piety under Hepliaklqana
  3249 | D:4      | Noticed Ethylacetat's ghost (amateur DsCK)
  3275 | D:4      | Killed Ethylacetat's ghost
  3275 | D:4      | Reached skill level 6 in Polearms
  3275 | D:4      | Reached skill level 5 in Dodging
  3275 | D:4      | Reached XP level 6. HP: 22/42 MP: 7/9
  3721 | D:4      | Reached skill level 7 in Polearms
  3721 | D:4      | Reached XP level 7. HP: 27/47 MP: 0/10
  4255 | D:4      | Found a basalt altar of Yredelemnul.
  4425 | D:5      | Entered Level 5 of the Dungeon
  4846 | D:5      | Reached skill level 8 in Polearms
  4928 | D:5      | Reached XP level 8. HP: 54/54 MP: 11/11
  5286 | D:5      | Reached skill level 5 in Fighting
  5286 | D:5      | Reached skill level 9 in Polearms
  5385 | D:5      | Found a shadowy altar of Dithmenos.
  5491 | D:6      | Reached ** piety under Hepliaklqana
  5492 | D:6      | Remembered your ancestor Demise as a hexer
  5723 | D:6      | Noticed Dowan
  5726 | D:6      | Noticed Duvessa
  5739 | D:6      | Killed Dowan
  5795 | D:6      | Killed Duvessa
  6264 | D:6      | Reached skill level 10 in Polearms
  6330 | D:6      | Slain by an orc warrior

Vault maps used:
D:1:      scummos_arrival_gate, serial_park_tiny_pond
D:2:      nicolae_overflow_crystal_walls
D:3:      old_standard_altar, minitemple, first_ration, serial_co_window_serial,
          co_window_paths_b, co_window_paths_a, co_window_of_opportunity_a,
          co_window_paths_a, co_window_paths_b, co_window_of_opportunity_a,
          co_window_paths_a, co_window_corner_a, co_window_corner_a,
          co_window_unsneaky_path_d, co_window_2corner,
          co_window_of_opportunity_c, co_window_paths_c,
          co_window_unsneaky_path_b, co_window_unsneaky_path_b
D:4:      yredelemnul_forgotten_temple_becter, nicolae_ossuary_entry_ruins
D:5:      st_stairs_12, grunt_dithmenos_shadows
D:6:      chequers_temple_overflow_statue_of_worship,
          minmay_temple_entry_glassed_door, kennysheep_generic_room_11,
          uniq_duvessa

Skill      XL: |  1  2  3  4  5  6  7  8 |
---------------+-------------------------+-----
Dodging        | 3 4 5 6 7 9 |  9.2
Polearms       | 4 5 6 7 8 10 | 10.0
Fighting       | 3 4 5 |  5.5
Armour         | |  0.6
Spellcasting   | |  2.0
Charms         | |  3.2

Action                   |  1- 3 |  4- 6 |  7- 9 || total
-------------------------+-------+-------+-------++-------
Melee: Spear             |   119 |   187 |   370 ||   676
 Cast: Infusion          |     2 |     6 |    10 ||    18
Invok: Ancestor Identity |       |     1 |       ||     1
       Ancestor Life: He |       |       |     1 ||     1
  Use: Potion            |       |     6 |     2 ||     8
       Scroll            |       |     3 |       ||     3
 Stab: Sleeping          |     2 |     2 |       ||     4
       Distracted        |       |       |     5 ||     5
       Confused          |       |       |     2 ||     2
  Eat: Chunk             |     2 |     7 |     9 ||    18
Armor: Leather armour    |    19 |    24 |    32 ||    75
       Ring mail         |       |       |    14 ||    14
Dodge: Dodged            |    40 |    77 |   159 ||   276

Table legend:
 A = Spawn XP
 B = Non-spawn XP
 C = Spawn XP percentage of total XP
 D = Spawn monster count
 E = Non-spawn monster count
 F = Spawn count percentage of total count
 G = Total turns spent on level
                    A         B        C        D         E        F      G
               +---------+---------+-------+---------+---------+-------+---------
         Total |       0 |    2157 |   0.0 |       0 |     113 |   0.0 |  6330
               +---------+---------+-------+---------+---------+-------+---------
           D:1 |       0 |      46 |   0.0 |       0 |      26 |   0.0 |  1164
           D:2 |       0 |      47 |   0.0 |       0 |      15 |   0.0 |   730
           D:3 |       0 |      79 |   0.0 |       0 |      11 |   0.0 |  1209
           D:4 |       0 |     553 |   0.0 |       0 |      19 |   0.0 |  1322
           D:5 |       0 |     821 |   0.0 |       0 |      24 |   0.0 |  1060
           D:6 |       0 |     611 |   0.0 |       0 |      18 |   0.0 |   845
               +---------+---------+-------+---------+---------+-------+---------
